 Dungeon Crawl Stone Soup version 0.25-a0-591-g2ad0d86 (webtiles) character file.

Game seed: 11150233885882120911, levelgen mode: deterministic

90 Balder the Skirmisher (level 4, -12/37 HPs)
             Began as a Demonspawn Berserker on Mar 5, 2020.
             Was an Initiate of Makhleb.
             Mangled by Crazy Yiuf
             ... wielding a +2 quarterstaff of chaos
              (13 damage)
             ... on level 3 of the Dungeon on Mar 13, 2020.
             The game lasted 00:08:35 (2411 turns).

Balder the Skirmisher (Demonspawn Berserker)        Turns: 2411, Time: 00:08:36

Health: -12/37     AC:  2    Str: 17    XL:     4   Next: 32%
Magic:  4/4        EV: 12    Int:  8    God:    Makhleb [......]
Gold:   89         SH:  0    Dex: 14    Spells: 3/3 levels left

rFire    . . .     SeeInvis .   a - +0 mace
rCold    . . .     Gourm    .   (no shield)
rNeg     . . .     Faith    .   b - +0 animal skin
rPois    .         Spirit   .   (no helmet)
rElec    .         Reflect  .   (no cloak)
rCorr    .         Harm     .   (no gloves)
MR       .....                  (no boots)
Stlth    ++........             (no amulet)
HPRegen  0.12/turn              (no ring)
MPRegen  0.09/turn              (no ring)

@: lightly drained
A: talons 2
a: Renounce Religion


You were on level 3 of the Dungeon.
You worshipped Makhleb.
Makhleb was noncommittal.
You were hungry.

You visited 1 branch of the dungeon, and saw 3 of its levels.

You collected 89 gold pieces.

Inventory:

Hand Weapons
 a - a +0 mace (weapon)
 l - a +1 spear of flaming
Missiles
 h - 64 bolts
Armour
 b - a +0 animal skin (worn)
 q - a +1 cloak
Jewellery
 k - an uncursed ring of protection from magic {unknown}
Scrolls
 g - a scroll of enchant weapon {unknown}
 i - a scroll of fear {unknown}
 m - 2 scrolls of teleportation {unknown}
 n - a scroll of identify {unknown}
 p - a scroll of amnesia {unknown}
 r - a scroll of random uselessness {unknown}
Potions
 d - 2 potions of degeneration {unknown}
 e - a potion of ambrosia {unknown}
 f - a potion of flight {unknown}
 j - a potion of resistance {unknown}
 o - a potion of brilliance {unknown}
Comestibles
 c - 3 rations


   Skills:
 * Level 3.7(3.4) Fighting
 * Level 3.6(3.3) Maces & Flails
 * Level 2.1(1.8) Armour
 * Level 2.1(1.8) Dodging
 * Level 1.0(0.7) Stealth


You had 3 spell levels left.
You didn't know any spells.
Your spell library was empty.

Dungeon Overview and Level Annotations

Branches:
Dungeon (3/15)

Altars:
Makhleb
Uskayaw
Vehumet

Annotations:
D:3 Crazy Yiuf


Innate Abilities, Weirdness & Mutations

You have razor-sharp toenails.


Message History

Crazy Yiuf is lightly wounded.
Crazy Yiuf barely misses you.
You hit Crazy Yiuf but do no damage. Your kick misses Crazy Yiuf.
Crazy Yiuf is lightly wounded.
Crazy Yiuf hits you with a +2 quarterstaff of chaos!
You hit Crazy Yiuf but do no damage. You claw Crazy Yiuf.
Crazy Yiuf is moderately wounded.
Crazy Yiuf closely misses you.
You hit Crazy Yiuf. Your kick misses Crazy Yiuf.
Crazy Yiuf is moderately wounded.
Crazy Yiuf hits you with a +2 quarterstaff of chaos! x2
* * * LOW HITPOINT WARNING * * *
You feel drained.
* * * LOW HITPOINT WARNING * * *
You hit Crazy Yiuf.
Crazy Yiuf is heavily wounded.
Crazy Yiuf hits you with a +2 quarterstaff of chaos!
* * * LOW HITPOINT WARNING * * *
You are electrocuted!
You die...

.###.... .#........
...#..... ........#
........# .##.#...#
....#...##♣♣ ###
.####......♣♣ ♣♣#..)#
.# #.......♣♣♣♣@g...#
.####.#......♣..♣#...#
......#.....♣.♣♣♣ ###
.######.##♣♣♣♣♣ .# #.#
.# #.# .# #.# .. ..#
.# ###


You could see Crazy Yiuf.

Vanquished Creatures
  Terence (D:2)
  An adder (D:2)
  An ooze (D:1)
  A worm (D:2)
  3 dart slugs
  A leopard gecko (D:2)
  A giant cockroach (D:1)
  10 goblins
  6 hobgoblins
  A jackal (D:1)
  3 kobolds
  3 bats (D:1)
  6 frilled lizards
  4 rats (D:1)
42 creatures vanquished.

Notes
Turn   | Place    | Note
-------+----------+-------------------------------------------
     0 | D:1      | Balder the Demonspawn Berserker began the quest for the
                  | Orb.
     0 | D:1      | Reached XP level 1. HP: 18/18 MP: 1/1
   453 | D:1      | Gained mutation: You have sharp toenails. [demonic
                  | ancestry]
   453 | D:1      | Reached XP level 2. HP: 22/24 MP: 2/2
   874 | D:1      | Gained mutation: You have razor-sharp toenails. [demonic
                  | ancestry]
   874 | D:1      | Reached XP level 3. HP: 25/29 MP: 3/3
  1052 | D:1      | Reached ** piety under Trog
  1140 | D:2      | Noticed Terence
  1150 | D:2      | Killed Terence
  1164 | D:2      | Upgraded the game from 0.25-a0-578-gc91f01c to
                  | 0.25-a0-591-g2ad0d86
  1467 | D:2      | Reached XP level 4. HP: 37/37 MP: 4/4
  2143 | D:2      | Found a radiant altar of Vehumet.
  2147 | D:2      | Found a hide-covered altar of Uskayaw.
  2287 | D:3      | Found a burning altar of Makhleb.
  2342 | D:3      | Fell from the grace of Trog
  2342 | D:3      | Became a worshipper of Makhleb the Destroyer
  2387 | D:3      | Reached skill level 1 in Stealth
  2402 | D:3      | Found a runed translucent door.
  2403 | D:3      | Noticed Crazy Yiuf
  2411 | D:3      | HP: 1/37 [Crazy Yiuf/+2 quarterstaff of chaos (7)]
  2411 | D:3      | Mangled by Crazy Yiuf

Levels and vault maps discovered:
D:1:      dpeg_cavernosity, layout_loops_ring
D:2:      layout_basic, minitemple, uniq_terence
D:3:      layout_basic, nicolae_overflow_crystal_walls, first_ration,
          uniq_crazy_yiuf_cottage

Skill      XL: |  1  2  3  4 |
---------------+-------------+-----
Maces & Flails | 3 |  3.6
Armour         | 2 |  2.1
Dodging        | 2 |  2.1
Stealth        | 1 |  1.0
Fighting       | |  3.7

Action                   |  1- 3 |  4- 6 || total
-------------------------+-------+-------++-------
Melee: Mace              |   100 |    28 ||   128
       Kick              |    14 |     7 ||    21
 Stab: Sleeping          |       |     2 ||     2
  Eat: Chunk             |     2 |     2 ||     4
Armor: Animal skin       |    11 |     1 ||    12
Dodge: Dodged            |    67 |    12 ||    79

Table legend:
 A = Non-vault XP
 B = Vault XP
 C = Vault XP percentage of total XP
 D = Non-vault monster count
 E = Vault monster count
 F = Vault count percentage of total count
                 A         B        C        D         E       F
            +---------+---------+-------+---------+---------+-------
      Total |      87 |      42 |  32.6 |      37 |       5 |  11.9
            +---------+---------+-------+---------+---------+-------
        D:1 |      45 |       6 |  11.8 |      23 |       4 |  14.8
        D:2 |      36 |      36 |  50.0 |      12 |       1 |   7.7
        D:3 |       6 |       0 |   0.0 |       2 |       0 |   0.0
            +---------+---------+-------+---------+---------+-------
